 Dungeon Crawl Stone Soup version 0.29.0-4-gdea44cf6ec (webtiles) character file.

Game seed: 4676034276012563688

63 qw the Ruffian (level 4, -2/35 HPs)
             Began as a Ghoul Fire Elementalist on Aug 29, 2022.
             Slain by an iron imp (3 damage)
             ... summoned by Natasha
             ... on level 3 of the Dungeon.
             The game lasted 00:01:23 (1980 turns).

qw the Ruffian (Ghoul Fire Elementalist)            Turns: 1980, Time: 00:01:24

Health: -2/35      AC:  5    Str: 13    XL:     4   Next: 10%
Magic:  5/5        EV: 10    Int: 10    God:
Gold:   112        SH:  0    Dex:  9    Spells: 5/6 levels left

rFire   . . .      SeeInvis .     - Unarmed
rCold   + . .      Faith    .   (no shield)
rNeg    + + +      Spirit   .   k - +0 ring mail
rPois   inf        Reflect  .   (no helmet)
rElec   .          Harm     .   (no cloak)
rCorr   .          Rampage  .   (no gloves)
Will    .....                   (no boots)
Stlth   +.........              (no amulet)
HPRegen 0.00/turn               (no ring)
MPRegen 0.09/turn               (no ring)

@: about to teleport, inhibited regen, slowed, very slow
A: claws 1, cold resistance 1, negative energy resistance 3, inhibited
regeneration, torment resistance 2, devour on kill
a: no special abilities


You were on level 3 of the Dungeon.
You visited 1 branch of the dungeon, and saw 3 of its levels.

You collected 112 gold pieces.


Innate Abilities, Weirdness & Mutations

You are immune to poison.
You have sharp fingernails.
Your flesh is cold resistant. (rC+)
You are immune to negative energy. (rN+++)
You do not regenerate when monsters are visible.
You are immune to unholy pain and torment.
You thrive by killing the living.


   Skills:
 - Level 1.0 Fighting
 - Level 1.7 Dodging
 - Level 2.1 Stealth
 + Level 3.7 Unarmed Combat
 - Level 1.7 Spellcasting
 - Level 0.7 Conjurations
 - Level 2.4 Fire Magic


You had 5 spell levels left.
You knew the following spells:

 Your Spells              Type           Power      Damage    Failure   Level
a - Foxfire               Conj/Fire      16%        2x1d4     36%         1

Your spell library contained the following spells:

 Spells                   Type           Power      Damage    Failure   Level
 Scorch                   Fire           10%        2d5       36%         2
 Conjure Flame            Conj/Fire      4%         6-21      73%         3
 Inner Flame              Hex/Fire       3%         N/A       78%         3
 Flame Wave               Conj/Fire      4%         2d5       98%         4

Inventory:

Armour
 k - a +0 ring mail (worn)
Scrolls
 a - a scroll of identify
 Y - a scroll of teleportation
Potions
 h - a potion of curing
 j - a potion of attraction {unknown}

Dungeon Overview and Level Annotations

Branches:
Dungeon (3/15)

Altars:

Annotations:
D:3 Natasha


Message History

Found 7 gold pieces.
Found a stone staircase leading down.
Natasha casts a spell.
You scratch Natasha but do no damage. Natasha claws you.
You claw Natasha!
Natasha is heavily wounded.
The white imp gestures at you. The puff of frost hits you. You resist.
Natasha claws you.
You scratch Natasha. Your claw misses Natasha.
Natasha is severely wounded.
You barely miss Natasha.
Natasha is severely wounded.
Natasha misses you.
The white imp hits you but does no damage.
The iron imp misses you.
You barely miss Natasha.
Natasha is severely wounded.
Natasha mumbles some strange words.
You feel disoriented. Natasha claws you.
The white imp hits you but does no damage.
The iron imp hits you but does no damage.
You barely miss Natasha.
Natasha is severely wounded.
Natasha casts a spell at you.
You feel yourself slow down.
The white imp hits you but does no damage.
The iron imp barely misses you.
You barely miss Natasha.
Natasha is severely wounded.
Natasha claws you!
The white imp hits you but does no damage.
Natasha claws you! The iron imp barely misses you.
The white imp closely misses you.
1980 ||| READING 2 scrolls of teleportation.
As you read the scroll of teleportation, it crumbles to dust.
You feel strangely unstable. Natasha claws you. The white imp hits you.
The white imp freezes you. You resist. The iron imp hits you.
You die...

#.#.#.. .. .#.## #
#$ .!.. .. #. #..#
...# #. #..#
>....#.##..#
......55#..#
......h@..<#
######.#..........
.....########.
####... #..## ....
..... ......


You could see an iron imp (summoned), Natasha and a white imp (summoned).

Vanquished Creatures
  2 adders (D:2)
  A worm (D:2)
  2 dart slugs
  6 ball pythons
  3 endoplasms (D:2)
  A giant cockroach (D:1)
  4 goblins
  2 hobgoblins (D:1)
  7 kobolds
  4 bats
  3 frilled lizards
  4 rats (D:1)
39 creatures vanquished.

Notes
Turn   | Place    | Note
-------+----------+-------------------------------------------
     0 | D:1      | qw the Ghoul Fire Elementalist began the quest for the Orb.
     0 | D:1      | Reached XP level 1. HP: 14/14 MP: 2/2
     0 | D:1      | 0 ||| qw: Version: 0.1-a-90-g952f4b7
     0 | D:1      | 0 ||| qw: Game counter: 4052
     0 | D:1      | 0 ||| qw: Always use a shield: true
     0 | D:1      | 0 ||| qw: God list: Okawaru
     0 | D:1      | 0 ||| qw: Allow faded altars: false
     0 | D:1      | 0 ||| qw: Do Orc after D:15 true
     0 | D:1      | 0 ||| qw: Do second Lair branch before Depths: true
     0 | D:1      | 0 ||| qw: Lair rune preference: random
     0 | D:1      | 0 ||| qw: Plans: Normal
     0 | D:1      | 0 ||| PLANNING D:1-11
    33 | D:1      | 33 ||| Stepping ~*~*~tactically~*~*~ (stealth).
    34 | D:1      | 34 ||| Stepping ~*~*~tactically~*~*~ (stealth).
    45 | D:1      | Reached skill level 1 in Unarmed Combat
    59 | D:1      | Reached XP level 2. HP: 22/22 MP: 3/3
    83 | D:1      | Reached skill level 1 in Fighting
   295 | D:1      | Reached skill level 2 in Unarmed Combat
   510 | D:1      | Reached XP level 3. HP: 28/28 MP: 4/4
   517 | D:1      | 517 ||| Stepping ~*~*~tactically~*~*~ (stealth).
   519 | D:1      | 519 ||| Stepping ~*~*~tactically~*~*~ (stealth).
   564 | D:1      | 564 ||| UPGRADING to +0 ring mail.
   574 | D:1      | 574 ||| DROPPING +0 robe.
   575 | D:1      | 575 ||| READING scroll labelled HIRIPIUNOSHO.
   576 | D:1      | 576 ||| READING scroll labelled INUMIETT DAPHA.
   577 | D:1      | 577 ||| READING scroll labelled OGOQOM IKUTY.
   678 | D:1      | 678 ||| READING scroll labelled XOIN GOHEHI.
   679 | D:1      | 679 ||| READING scroll labelled SOPPYA SAAQE.
   680 | D:1      | 680 ||| DROPPING potion of magic.
   777 | D:2      | HP: 7/28 [worm (2)]
   779 | D:2      | HP: 3/28 [worm (4)]
  1088 | D:2      | 1088 ||| Stepping ~*~*~tactically~*~*~ (hiding).
  1190 | D:2      | 1190 ||| Stepping ~*~*~tactically~*~*~ (hiding).
  1396 | D:2      | Reached skill level 3 in Unarmed Combat
  1504 | D:2      | Found a faded altar of an unknown god.
  1821 | D:2      | Reached XP level 4. HP: 25/35 MP: 5/5
  1953 | D:2      | 1953 ||| READING 2 scrolls labelled DEAWNU DIOMAFI.
  1954 | D:2      | 1954 ||| READING 3 scrolls labelled JOIXKA LOXARI.
  1959 | D:2      | 1959 ||| DRINKING 2 murky clear potions.
  1960 | D:2      | 1960 ||| READING 2 scrolls of identify.
  1960 | D:2      | 1960 ||| IDENTIFYING purple potion
  1961 | D:2      | 1961 ||| DROPPING scroll of immolation.
  1962 | D:2      | 1962 ||| DROPPING potion of ambrosia.
  1969 | D:3      | Noticed Natasha
  1979 | D:3      | HP: 6/35 [Natasha (8)]
  1980 | D:3      | 1980 ||| READING 2 scrolls of teleportation.
  1980 | D:3      | HP: 2/35 [white imp[Natasha] (1)]
  1980 | D:3      | Slain by an iron imp

Levels and vault maps discovered:
D:1:      giann_bridges, layout_basic
D:2:      layout_loops_cross, shapermc_ecumenical_altar_rom_forum
D:3:      layout_basic, mainiacjoe_overflow_paths, serial_shops,
          nicolae_shop_competitors_out_of_business, nicolae_shop_waterfront,
          uniq_natasha

Skill      XL: |  1  2  3 |
---------------+----------+-----
Unarmed Combat | 1 2 3 |  3.7
Fighting       | 1 |  1.0
Dodging        | |  1.7
Stealth        | |  2.1
Spellcasting   | |  1.7
Conjurations   | |  0.7
Fire Magic     | |  2.4

Action                   |  1- 3 |  4- 6 || total
-------------------------+-------+-------++-------
Melee: Unarmed           |    91 |     7 ||    98
       Punch             |     2 |       ||     2
Throw: Boomerang         |    37 |       ||    37
  Use: Scroll            |     5 |     4 ||     9
       Potion            |       |     1 ||     1
 Stab: Distracted        |     1 |       ||     1
Armor: Robe              |     9 |       ||     9
       Ring mail         |    14 |     5 ||    19
Dodge: Dodged            |    49 |     5 ||    54

Table legend:
 A = Non-vault XP
 B = Vault XP
 C = Vault XP percentage of total XP
 D = Non-vault monster count
 E = Vault monster count
 F = Vault count percentage of total count
                 A         B        C        D         E       F
            +---------+---------+-------+---------+---------+-------
      Total |      91 |       0 |   0.0 |      39 |       0 |   0.0
            +---------+---------+-------+---------+---------+-------
        D:1 |      37 |       0 |   0.0 |      23 |       0 |   0.0
        D:2 |      54 |       0 |   0.0 |      16 |       0 |   0.0
            +---------+---------+-------+---------+---------+-------
